[Event "Team 45 45 League T58"]
[Site "Internet Chess Club"]
[Date "2013.08.30"]
[Round "2"]
[White "arnx813"]
[Black "rom1"]
[Result "0-1"]
[WhiteElo "1401"]
[BlackElo "1578"]
[Opening "Alekhine's defense: Scandinavian variation"]
[ECO "B02"]
[Time "07:04:11"]
[TimeControl "2700+45"]

1. e4 Nf6 2. Nc3 d5 3. exd5 Nxd5 4. Nxd5 Qxd5 5. d4 Nc6 6. Nf3 Bg4 7. c4 Qe4+ 8.
Be2 Bxf3 9. gxf3 Qxd4 10. Qxd4 Nxd4 11. Be3 Nc2+ 12. Kd2 Nxa1 13. Rxa1 e5 14.
Kc3 O-O-O 15. Bxa7 b6 16. c5 Kb7 17. cxb6 cxb6 18. Bc4 f6 19. Bxb6 Kxb6 20. Be6
Bc5 21. Rf1 Rd6 22. Bb3 Rc8 23. Kc2 Bb4+ 24. Kb1 Rd2 25. Rc1 Rxc1+ 26. Kxc1 Rxf2
27. Bg8 h6 28. a3 Bd2+ 29. Kb1 Rxh2 30. Ka2 Be3 31. Kb3 Bd4 32. Kc4 Rxb2 33. a4
Ka5 34. Kd5 Kxa4 35. Ke4 Rf2 36. Bc4 Kb4 37. Ba2 Rxa2 38. Kf5 Rf2 39. Kg4 h5+
40. Kg3 g5 41. f4 Rxf4 42. Kg2 g4 43. Kh2 h4 44. Kg2 Rf2+ 45. Kg1 h3 46. Kh1 g3
47. Kg1 h2+ 48. Kh1 Rf1+ 49. Kg2 Rg1+ 50. Kh3 h1=Q+ 51. Kg4 Qe4+ 52. Kh3 Rh1+
53. Kxg3 Rg1+ 54. Kh2 Qh4# {White checkmated} 0-1

[Event "Team 45 45 League T58"]
[Site "Internet Chess Club"]
[Date "2013.09.03"]
[Round "2"]
[White "oldsj"]
[Black "PostMike"]
[Result "1/2-1/2"]
[WhiteElo "1544"]
[BlackElo "1472"]
[Opening "Sicilian: Najdorf, 6.Bg5"]
[ECO "B94"]
[Time "14:30:32"]
[TimeControl "2700+45"]

1. e4 c5 2. Nf3 d6 3. d4 cxd4 4. Nxd4 Nf6 5. Nc3 a6 6. Bg5 Nbd7 7. f4 Qb6 8. Qd2
Qxb2 9. Rb1 Qa3 10. Bc4 Qc5 11. Bb3 h6 12. Bh4 e6 13. Bf2 Qc7 14. O-O Nc5 15.
Rfe1 Be7 16. Rbc1 O-O 17. f5 Bd7 18. Qe2 e5 19. Nf3 Bc6 20. Bxc5 dxc5 21. Nd5
Qd6 22. Nxe7+ Qxe7 23. Nh4 Kh7 24. Qf3 g5 25. fxg6+ fxg6 26. Qg3 Qe8 27. Bd5 Nh5
28. Qc3 b6 29. Bxc6 Qxc6 30. Qxe5 Rae8 31. Qd5 {Game drawn by mutual agreement}
1/2-1/2

[Event "Team 45 45 League T58"]
[Site "Internet Chess Club"]
[Date "2013.08.30"]
[Round "2"]
[White "DrOMM"]
[Black "Tjet"]
[Result "0-1"]
[WhiteElo "1337"]
[BlackElo "1495"]
[Opening "King's pawn opening"]
[ECO "B07"]
[Time "15:02:56"]
[TimeControl "2700+45"]

1. e4 d6 2. Nf3 g6 3. h3 Bg7 4. Bc4 e6 5. O-O a6 6. d4 b5 7. Bb3 Bb7 8. d5 e5 9.
Bd2 Nf6 10. Re1 O-O 11. Ba5 Nbd7 12. c4 Nc5 13. Nbd2 Rb8 14. Qc2 Qd7 15. Rac1
Rfc8 16. Qc3 Nxb3 17. Nxb3 c6 18. Qd3 bxc4 19. Rxc4 cxd5 20. exd5 e4 21. Rcxe4
Nxe4 22. Rxe4 Qb5 23. Qxb5 axb5 24. Bc3 Bxc3 25. bxc3 Bxd5 26. Rd4 Bxf3 27. gxf3
Rxc3 28. Rxd6 Rxf3 29. Kg2 Rc3 30. Rd5 Kg7 31. Nd4 b4 32. Nb3 h5 33. Rd2 Ra8 34.
Kg1 Rxh3 35. Kg2 Rc3 36. f4 Rac8 37. Rf2 Rc2 38. Rxc2 Rxc2+ {White resigns} 0-1

[Event "Team 45 45 League T58"]
[Site "Internet Chess Club"]
[Date "2013.08.31"]
[Round "2"]
[White "Fogbound"]
[Black "Aquaman"]
[Result "0-1"]
[WhiteElo "1244"]
[BlackElo "1395"]
[Opening "Queen's Indian defense"]
[ECO "A47"]
[Time "14:32:47"]
[TimeControl "2700+45"]

1. d4 Nf6 2. Nf3 b6 3. Bf4 Bb7 4. e3 e6 5. Bd3 c5 6. c3 d5 7. Ne5 Nbd7 8. Bb5
Bc8 9. Bc6 Rb8 10. Nxf7 Kxf7 11. Bxb8 Nxb8 12. Ba4 Ba6 13. Bc2 Bd6 14. Nd2 Kg8
15. Nf3 Kf7 16. Ng5+ Ke7 17. Bd3 c4 18. Bc2 h6 19. Nf3 Nbd7 20. O-O Rf8 21. Nh4
Kf7 22. Bg6+ Kg8 23. Nf3 Ne4 24. Bh5 Ndf6 25. Ne5 Bxe5 26. dxe5 Nxh5 27. Qxh5
Rf5 28. Qe2 Rxe5 29. f4 Rf5 30. Rad1 b5 31. Rf3 Rh5 32. Qc2 Bc8 33. Qxe4 Qh4 34.
Rh3 Qxh3 35. gxh3 dxe4 36. Rd8+ Kh7 37. Rxc8 Rxh3 38. Re8 Rxe3 39. Rxe6 Re2 40.
f5 Rxb2 41. Rxe4 Rxa2 42. Re7 Ra3 43. f6 Kg8 44. Rxg7+ Kf8 45. Rh7 Rxc3 46. Rxh6
Rf3 47. Rh8+ Kf7 48. Rh7+ Kxf6 49. Rxa7 Rf5 50. Ra6+ Kg5 51. Ra2 Rc5 52. Kf2 b4
53. Ke3 b3 54. Rg2+ Kh5 55. Kd4 Rc8 56. Kc3 Kh4 57. Rb2 Kh3 58. Rd2 Rc7 59. Rb2
Kg4 60. Rg2+ Kh4 61. Rb2 Kg4 62. Rg2+ Kf4 63. Rb2 Ke5 64. Re2+ Kd5 65. Rg2 Ke4
66. Re2+ Kd5 67. Rg2 Rh7 68. Rg5+ Kc6 69. Rg2 Rh4 70. Rb2 Kc5 71. Rg2 Rh3+ 72.
Kb2 Kb4 73. Rf2 c3+ 74. Kb1 Ka3 75. Rg2 c2+ 76. Kc1 Ka2 77. Rg6 b2+ 78. Kd2
c1=Q+ {White resigns} 0-1

[Event "Team 45 45 League T58"]
[Site "Internet Chess Club"]
[Date "2013.09.04"]
[Round "2"]
[White "Littlemon"]
[Black "pmxpp"]
[Result "0-1"]
[WhiteElo "1431"]
[BlackElo "1468"]
[Opening "Budapest: Adler variation"]
[ECO "A52"]
[Time "16:30:28"]
[TimeControl "2700+45"]

1. d4 Nf6 2. c4 e5 3. dxe5 Ng4 4. Nf3 Bc5 5. e3 Nc6 6. Be2 Ngxe5 7. Nxe5 Nxe5 8.
O-O O-O 9. Nc3 Re8 10. Qc2 a5 11. Rd1 Ra6 12. b3 Rh6 13. Bb2 Bd6 14. Nd5 Rxh2
15. Nf4 Qh4 16. Nh3 Rxh3 17. gxh3 Qxh3 18. Qe4 Re6 19. f4 Rg6+ 20. Bg4 Rxg4+ 21.
Kf2 Qh2+ 22. Kf1 Rg1# {White checkmated} 0-1

[Event "Team 45 45 League T58"]
[Site "Internet Chess Club"]
[Date "2013.09.03"]
[Round "2"]
[White "Berke"]
[Black "vjbaker"]
[Result "0-1"]
[WhiteElo "1586"]
[BlackElo "1709"]
[Opening "Sicilian: Alapin's variation (2.c3)"]
[ECO "B22"]
[Time "16:15:04"]
[TimeControl "2700+45"]

1. e4 c5 2. c3 d5 3. e5 Nc6 4. Bb5 Bd7 5. d4 cxd4 6. Bxc6 Bxc6 7. Qxd4 e6 8. Nf3
b6 9. Nbd2 Bc5 10. Qg4 Bf8 11. Nd4 Bb7 12. N2f3 Ne7 13. Bg5 h6 14. Bh4 g5 15.
Bg3 Ng6 16. Qh5 Qe7 17. Nb5 Qd7 18. Nbd4 O-O-O 19. a4 a6 20. O-O g4 21. Nd2 Be7
22. b4 Rdg8 23. b5 a5 24. Rac1 Kb8 25. c4 Bc5 26. N2b3 dxc4 27. Rfd1 Ka8 28.
Nxc5 bxc5 29. Nc6 Qc7 30. Rd6 Rc8 31. b6 Qxb6 32. Ne7 Qb2 33. Rcd1 Nxe7 34. Qxg4
Bd5 35. Qf4 Qb7 36. f3 Nf5 37. Qd2 Nxd6 38. exd6 Qb4 39. Qc2 c3 40. Qd3 Qd4+ 41.
Qxd4 cxd4 42. Rxd4 c2 43. Bf4 e5 44. Rxd5 exf4 45. Rxa5+ Kb7 46. Rb5+ Ka6 47. d7
c1=Q+ {White resigns} 0-1

[Event "Team 45 45 League T58"]
[Site "Internet Chess Club"]
[Date "2013.09.07"]
[Round "2"]
[White "DeltaChess"]
[Black "tamky70"]
[Result "1-0"]
[WhiteElo "1319"]
[BlackElo "1392"]
[Opening "French: Tarrasch"]
[ECO "C03"]
[Time "14:04:06"]
[TimeControl "2700+45"]

1. e4 e6 2. d4 d5 3. Nd2 dxe4 4. Nxe4 Bd7 5. Nf3 Nc6 6. Be3 Be7 7. Be2 Nf6 8.
Nxf6+ Bxf6 9. O-O O-O 10. c3 Ne7 11. Qc2 Nd5 12. Bd3 g6 13. a3 a6 14. Be4 c6 15.
Bxd5 cxd5 16. Rfe1 b5 17. Bf4 Bc8 18. Ne5 Bb7 19. Qd2 Bg7 20. Bh6 Qe7 21. Bxg7
Kxg7 22. Re3 f6 23. Nd3 Bc8 24. Rh3 Kh8 25. Nf4 Rg8 26. Qd3 Qg7 27. Rg3 Qf7 28.
Re1 Ra7 29. Qe2 g5 30. Nxe6 Bxe6 31. Qxe6 Qg6 32. b4 a5 33. Qxd5 axb4 34. axb4
Re8 35. Rf1 Rae7 36. Qxb5 Qf7 37. Qd3 Re1 38. Re3 Rxf1+ 39. Kxf1 Ra8 40. Re1 Kg7
41. Qe3 Qc4+ 42. Kg1 Rc8 43. Rc1 Rc7 44. h3 Kf7 45. Qe4 Kg7 46. f3 h5 47. d5
Qxe4 48. fxe4 Rc4 49. d6 Kf7 50. Kf2 Rxe4 51. Re1 Rf4+ 52. Kg1 Rf5 53. c4 g4 54.
d7 gxh3 55. d8=Q hxg2 56. Re7+ Kg6 57. Qg8+ Kh6 58. Qg7# {Black checkmated} 1-0

[Event "Team 45 45 League T58"]
[Site "Internet Chess Club"]
[Date "2013.08.30"]
[Round "2"]
[White "QuimCatala"]
[Black "viktory"]
[Result "1-0"]
[WhiteElo "1463"]
[BlackElo "1441"]
[Opening "Caro-Kann: advance variation"]
[ECO "B12"]
[Time "16:00:15"]
[TimeControl "2700+45"]

1. e4 c6 2. d4 d5 3. e5 Bf5 4. Nf3 e6 5. Nc3 c5 6. Bb5+ Nc6 7. O-O a6 8. Bxc6+
bxc6 9. Be3 Rb8 10. b3 Bg4 11. dxc5 Qc7 12. Bd4 Rb4 13. a3 Bxf3 14. gxf3 Rb8 15.
b4 Ne7 16. Ne2 Nf5 17. f4 Be7 18. Ng3 O-O 19. Nxf5 exf5 20. Qf3 a5 21. c3 f6 22.
Qg3 Qd8 23. e6 Qe8 24. Kh1 Qh5 25. Rg1 g6 26. Qe3 a4 27. Rg3 Kh8 28. Rh3 Qg4 29.
Rg1 Qxg1+ 30. Kxg1 Rbe8 31. Qg3 Rg8 32. Qh4 h5 33. Bxf6+ Bxf6 34. Qxf6+ Rg7 35.
Rg3 Kh7 36. Kg2 {Black resigns} 1-0

[Event "Team 45 45 League T58"]
[Site "Internet Chess Club"]
[Date "2013.08.31"]
[Round "2"]
[White "guyd52"]
[Black "rhayder"]
[Result "1/2-1/2"]
[WhiteElo "1352"]
[BlackElo "1258"]
[Opening "Réti: King's Indian attack (Barcza system)"]
[ECO "A07"]
[Time "06:15:47"]
[TimeControl "2700+45"]

1. Nf3 d5 2. g3 Nc6 3. Bg2 e5 4. d3 Be6 5. O-O Nf6 6. Nbd2 Be7 7. c3 O-O 8. e4
dxe4 9. Nxe4 Nxe4 10. dxe4 Qxd1 11. Rxd1 Rad8 12. Be3 Rxd1+ 13. Rxd1 Rd8 14.
Rxd8+ Bxd8 15. a3 f6 16. Bf1 b6 17. h4 Bb3 18. Nd2 Bc2 19. Bc4+ Kf8 20. b4 a5
21. f3 Be7 22. Kf2 Na7 23. Ke2 {Game drawn by mutual agreement} 1/2-1/2

[Event "Team 45 45 League T58"]
[Site "Internet Chess Club"]
[Date "2013.08.31"]
[Round "2"]
[White "WilmaP"]
[Black "arconia"]
[Result "0-1"]
[WhiteElo "1112"]
[BlackElo "1305"]
[Opening "Sicilian defense"]
[ECO "B44"]
[Time "13:01:29"]
[TimeControl "2700+45"]

1. e4 c5 2. Nf3 Nc6 3. d4 cxd4 4. Nxd4 e6 5. c3 Nf6 6. Bg5 Be7 7. Bd3 O-O 8. O-O
a6 9. Re1 Ne5 10. Bc2 b5 11. Nd2 Bb7 12. Qe2 d5 13. h3 h6 14. Bh4 Ng6 15. Bg3
Nh7 16. e5 Rc8 17. Qh5 Nh8 18. Qe2 Qd7 19. Qd3 g6 20. a4 f6 21. h4 Rf7 22. h5
gxh5 23. Bh4 Rg7 24. Re3 Nf7 25. Rg3 Nhg5 26. exf6 Bxf6 27. Bxg5 hxg5 28. N2f3
g4 29. Nh2 Ne5 30. Qe3 h4 31. Rxg4 Nxg4 32. Nxg4 Rxg4 33. Qh6 Bxd4 34. Bd1 Bxf2+
35. Kxf2 Qf7+ 36. Kg1 Rf4 37. Bh5 Qe7 38. Rf1 Qc5+ 39. Kh2 Rxf1 40. Qg6+ Kf8 41.
Qh6+ Ke7 42. Qg5+ Kd7 43. Qg7+ Kc6 44. axb5+ axb5 45. Qd4 Qd6+ 46. Kh3 Qg3#
{White checkmated} 0-1

[Event "Team 45 45 League T58"]
[Site "Internet Chess Club"]
[Date "2013.08.31"]
[Round "2"]
[White "oldbookseller"]
[Black "wekabird"]
[Result "1-0"]
[WhiteElo "990"]
[BlackElo "1123"]
[Opening "Queen's pawn game"]
[ECO "D02"]
[Time "17:00:29"]
[TimeControl "2700+45"]

1. d4 d5 2. Nf3 c6 3. e3 e6 4. Bd3 Nf6 5. O-O b6 6. Nbd2 Ba6 7. Ne5 Bxd3 8. Nxd3
Be7 9. Nf3 O-O 10. Bd2 Nbd7 11. a3 Rc8 12. b4 c5 13. b5 c4 14. Nf4 c3 15. Bc1
Bd6 16. a4 Bxf4 17. exf4 Qc7 18. Qd3 Ne4 19. Be3 Qc4 20. Rad1 Qxa4 21. Ng5 f6
22. Nxe6 Rfe8 23. f5 Nf8 24. Nf4 Qc4 25. Ra1 Re7 26. f3 Qxd3 27. Nxd3 Nd2 28.
Rfd1 Rxe3 29. Nf4 Ra8 30. Nxd5 Kf7 31. Nxe3 Kg8 32. Nd5 Rd8 33. Ne7+ Kf7 34. Re1
Rxd4 35. Rxa7 Nc4 36. Nc6+ Kg8 37. Nxd4 Nd2 38. Nc6 h6 39. Ne7+ Kh7 40. Ng6 Nxg6
41. fxg6+ Kxg6 42. Rb7 Nc4 43. Rc7 Na3 44. Rxc3 Nxb5 45. Rce3 Nd4 46. c3 Nc2 47.
Kf2 Nxe1 48. Kxe1 Kf5 49. h3 Kf4 50. Kf2 f5 51. g3+ Kg5 52. h4+ Kf6 53. f4 g5
54. hxg5+ hxg5 55. fxg5+ Kxg5 56. Kf3 b5 57. Re5 b4 58. cxb4 Kf6 59. Re8 Kf7 60.
Re5 Kf6 61. Re1 Kg5 62. b5 {Black resigns} 1-0

[Event "Team 45 45 League T58"]
[Site "Internet Chess Club"]
[Date "2013.09.01"]
[Round "2"]
[White "Tribe97"]
[Black "Jjohnston92A"]
[Result "0-1"]
[WhiteElo "1297"]
[BlackElo "1358"]
[Opening "QGD: exchange variation"]
[ECO "D35"]
[Time "17:00:07"]
[TimeControl "2700+45"]

1. d4 d5 2. c4 Nf6 3. Nc3 e6 4. cxd5 Nxd5 5. Nf3 Nxc3 6. bxc3 Nc6 7. e4 e5 8.
Bb5 a6 9. Qa4 axb5 10. Qxa8 exd4 11. Nxd4 Nxd4 12. cxd4 Bb4+ 13. Ke2 O-O 14. Ba3
Bg4+ 15. f3 Qxa8 16. Bxb4 Bd7 17. Bxf8 Qxf8 18. Rhc1 c6 19. a4 Qb4 20. Rd1 bxa4
21. Rdb1 Qc4+ 22. Ke3 b5 23. Rc1 Qb3+ 24. Kf4 f6 25. h4 h6 26. h5 Kh7 27. e5 Qd3
28. g4 Qxd4+ 29. Kg3 Qxe5+ 30. Kf2 Qh2+ 31. Ke3 f5 32. gxf5 Qe5+ 33. Kf2 Qxf5
34. Rd1 Qc2+ 35. Kg3 Bf5 36. Rac1 Qb3 37. Rd8 Be4 38. Rf1 Bf5 39. Re1 Qf7 40.
Ree8 g6 41. Rh8+ Kg7 42. hxg6 Bxg6 43. Rc8 a3 44. Rhg8+ Qxg8 45. Rxg8+ Kxg8
{White resigns} 0-1

[Event "Team 45 45 League T58"]
[Site "Internet Chess Club"]
[Date "2013.08.30"]
[Round "2"]
[White "SeniorCitizen"]
[Black "Rococo"]
[Result "1-0"]
[WhiteElo "1252"]
[BlackElo "1249"]
[Opening "Scandinavian (center counter) defense"]
[ECO "B01"]
[Time "14:01:16"]
[TimeControl "2700+45"]

1. e4 d5 2. exd5 Qxd5 3. Nc3 Qa5 4. d4 Bf5 5. Nf3 e6 6. Be2 Bd6 7. O-O c6 8. Bd3
Bg4 9. Bd2 Qc7 10. h3 Bxf3 11. Qxf3 Nf6 12. Ne4 Nbd7 13. Nxd6+ Qxd6 14. c3 O-O-O
15. Rfe1 h6 16. Bf4 Qe7 17. Ba6 Nd5 18. c4 Nxf4 19. Qxc6+ {Black resigns} 1-0

[Event "Team 45 45 League T58"]
[Site "Internet Chess Club"]
[Date "2013.08.31"]
[Round "2"]
[White "kabubi"]
[Black "stantheman59"]
[Result "0-1"]
[WhiteElo "1157"]
[BlackElo "1214"]
[Opening "KP: Indian opening"]
[ECO "C20"]
[Time "18:02:25"]
[TimeControl "2700+45"]

1. e4 e5 2. d3 Nc6 3. g3 Nf6 4. Bg2 Bc5 5. Nd2 d6 6. Ngf3 Bg4 7. O-O O-O 8. h3
Be6 9. c3 d5 10. Qe2 dxe4 11. dxe4 a6 12. Re1 b5 13. Rd1 Bd6 14. Nf1 Bc4 15. Qe1
Qe7 16. b3 Be6 17. Kh2 a5 18. a4 b4 19. c4 Bc5 20. Bg5 Rad8 21. Bxf6 Qxf6 22.
Ne3 Qg6 23. Nh4 Qf6 24. Nf3 Be7 25. Kg1 Bxh3 26. Nd5 Qe6 27. Nxc7 Qg4 28. Nh2
Qc8 29. Nd5 Bc5 30. Qe2 Nd4 31. Qh5 Be6 32. Qxe5 Ne2+ 33. Kf1 Nc3 34. Nxc3 bxc3
35. Qxc3 Rxd1+ 36. Rxd1 Rd8 37. Rxd8+ Qxd8 38. Ke1 Bb4 {White resigns} 0-1

[Event "Team 45 45 League T58"]
[Site "Internet Chess Club"]
[Date "2013.09.02"]
[Round "2"]
[White "jjaco"]
[Black "wildangels"]
[Result "0-1"]
[WhiteElo "1032"]
[BlackElo "1061"]
[Opening "French: exchange variation"]
[ECO "C01"]
[Time "10:00:29"]
[TimeControl "2700+45"]

1. e4 e6 2. d4 d5 3. exd5 exd5 4. c4 Nf6 5. Nf3 Bd6 6. Bd3 O-O 7. O-O b6 8. Nc3
c5 9. Nxd5 Nxd5 10. cxd5 Bb7 11. Bc4 Nd7 12. Be3 Re8 13. Qd3 a6 14. b4 Nf6 15.
Bg5 Bc8 16. Rfe1 Bg4 17. Rxe8+ Qxe8 18. Ne5 Bxe5 19. dxe5 Qxe5 20. Rf1 Qxg5 21.
f3 Bf5 22. Qe2 Re8 23. Qf2 Qf4 24. Bxa6 Qxb4 25. g4 Bd7 26. d6 Nd5 27. Bb7 Nf4
28. h4 Nh3+ 29. Kg2 Nxf2 30. Rxf2 Bb5 {White resigns} 0-1

[Event "Team 45 45 League T58"]
[Site "Internet Chess Club"]
[Date "2013.08.30"]
[Round "2"]
[White "seattleblues"]
[Black "semperfi"]
[Result "1/2-1/2"]
[WhiteElo "1459"]
[BlackElo "1390"]
[Opening "Queen's pawn game"]
[ECO "A46"]
[Time "07:30:54"]
[TimeControl "2700+45"]

1. d4 Nf6 2. Nf3 e6 3. Bf4 b6 4. e3 Bb7 5. Nbd2 d5 6. c3 Bd6 7. Ne5 O-O 8. Bd3
Ba6 9. Ndf3 Bxd3 10. Qxd3 Ne4 11. Bg3 f6 12. Ng4 Qe8 13. Nd2 Nxd2 14. Qxd2 Qg6
15. Bxd6 cxd6 16. h3 f5 17. Nh2 Qxg2 18. Ke2 Qe4 19. f3 Qh4 20. Rag1 Nc6 21. Nf1
f4 22. Rg4 Qh6 23. Qe1 e5 24. Rh4 Qf6 25. Nh2 Rae8 26. Ng4 Qf5 27. e4 dxe4 28.
Kd1 exf3 29. Kc1 exd4 30. Qg1 Qg6 31. Nh6+ gxh6 32. Rg4 Rf6 33. Rxg6+ Rxg6 34.
Qf1 Re3 35. Qc4+ Kh8 36. Qxc6 f2 37. Qc8+ Rg8 38. Qc4 Re1+ 39. Kc2 Rxh1 40.
Qxd4+ Rg7 41. Qxf2 Rxh3 42. Qxf4 Rg2+ 43. Kb3 d5 44. Qf8+ Rg8 45. Qf6+ Rg7 46.
Qd8+ Rg8 47. Qxd5 h5 48. Qd4+ Rg7 49. Qd8+ Rg8 50. Qc7 Rhg3 51. Qe5+ R8g7 52.
Qxh5 R3g5 53. Qe8+ Rg8 54. Qe4 h5 55. Qd4+ {Game drawn by mutual agreement}
1/2-1/2

[Event "Team 45 45 League T58"]
[Site "Internet Chess Club"]
[Date "2013.08.29"]
[Round "2"]
[White "dabodhi"]
[Black "medsurg"]
[Result "1/2-1/2"]
[WhiteElo "1334"]
[BlackElo "1334"]
[Opening "French: Winawer (Nimzovich) variation"]
[ECO "C15"]
[Time "17:00:40"]
[TimeControl "2700+45"]

1. e4 e6 2. d4 d5 3. Nc3 Bb4 4. Bd3 Nf6 5. e5 Ne4 6. Qg4 Nxc3 7. Qxg7 Rf8 8. Bd2
Nxa2 9. Rxa2 Bxd2+ 10. Kxd2 Qh4 11. g3 Qxd4 12. Ke2 Nc6 13. Nf3 Qc5 14. c3 Bd7
15. Qf6 Qe7 16. Qf4 Rh8 17. b4 Nd8 18. Rb1 c5 19. bxc5 Qxc5 20. Qd4 Qxd4 21.
Nxd4 Bc6 22. Nb5 Kf8 23. Rbb2 a6 24. Nd4 Kg7 25. Nxc6 Nxc6 26. Rxb7 Nxe5 27. Rb6
a5 28. Ra4 h5 29. f4 Nxd3 30. Kxd3 Rhc8 {Game drawn by mutual agreement} 1/2-1/2

[Event "Team 45 45 League T58"]
[Site "Internet Chess Club"]
[Date "2013.08.29"]
[Round "2"]
[White "rgadoury"]
[Black "Aquaman"]
[Result "0-1"]
[WhiteElo "1206"]
[BlackElo "1385"]
[Opening "QP counter-gambit (elephant gambit)"]
[ECO "C40"]
[Time "20:01:29"]
[TimeControl "2700+45"]

1. e4 e5 2. Nf3 d5 3. exd5 e4 4. Nd4 Qxd5 5. c3 Nf6 6. d3 Bf5 7. Nxf5 Qxf5 8.
Be3 Bd6 9. Be2 O-O 10. O-O Nbd7 11. d4 Nd5 12. Nd2 N7f6 13. Nc4 Be7 14. Ne5 Bd6
15. Bg4 Nxg4 16. Qxg4 Qxg4 17. Nxg4 f5 18. Ne5 Bxe5 19. dxe5 Nxe3 20. fxe3 Rae8
21. Rad1 Rf7 22. Rd4 g6 23. Rfd1 Rxe5 24. Rd7 Ree7 25. Rxe7 Rxe7 26. Rd4 Kf8 27.
Kf2 b6 28. h4 c5 29. Rd1 Ke8 30. Kg3 Rd7 31. Rxd7 Kxd7 32. Kf4 Ke7 33. Kg5 Kf7
34. g3 Kg7 35. g4 h6+ 36. Kf4 Kf6 37. g5+ hxg5+ 38. hxg5+ Ke6 39. Kg3 a5 40. c4
Ke5 41. b3 Ke6 42. Kf4 Kd6 43. a4 Ke6 44. Kg3 Ke5 45. Kf2 f4 46. exf4+ Kxf4 47.
Ke2 Kxg5 48. Ke3 Kf5 {White resigns} 0-1

[Event "Team 45 45 League T58"]
[Site "Internet Chess Club"]
[Date "2013.09.02"]
[Round "2"]
[White "RobertBuice"]
[Black "WzeroMN"]
[Result "1/2-1/2"]
[WhiteElo "1034"]
[BlackElo "1105"]
[Opening "Queen's pawn"]
[ECO "A40"]
[Time "18:00:08"]
[TimeControl "2700+45"]

1. d4 e6 2. Nf3 Nf6 3. Nc3 d5 4. Bg5 Be7 5. Bxf6 Bxf6 6. e4 O-O 7. Bd3 Re8 8. e5
Be7 9. Qe2 Bb4 10. h4 c5 11. a3 Bxc3+ 12. bxc3 c4 13. Bxh7+ Kxh7 14. Ng5+ Kg8
15. Qh5 Qd7 16. f4 Kf8 17. Nh7+ Kg8 18. f5 exf5 19. Ng5 f4 20. Qh7+ Kf8 21. O-O
Qf5 22. Qh8+ Ke7 23. Qxg7 Qg6 24. Qxg6 fxg6 25. Rxf4 Rf8 26. Raf1 Rxf4 27. Rxf4
Bf5 28. h5 Bxc2 29. Rf7+ Kd8 30. e6 gxh5 31. Rg7 a5 32. Nf7+ Ke7 33. Ng5+ Kf6
34. Rg8 Ke7 35. Kh2 Ba4 36. Kg3 Bc6 37. Rg7+ Kf6 38. Rg8 Ke7 39. Kh4 Be8 40.
Rg7+ Kf8 41. Rh7 Nc6 42. g4 Ne7 43. gxh5 Nf5+ 44. Kg4 Ne7 45. Rh8+ Kg7 46. Rh7+
Kf6 47. h6 Bc6 48. Kf4 Rf8 49. Rf7+ Rxf7 50. exf7 Ng6+ 51. Kg4 Bd7+ 52. Kh5 Nf4+
53. Kh4 Ng6+ 54. Kh5 Nf4+ 55. Kh4 Ng6+ 56. Kh5 Nf4+ 57. Kh4 Ng6+ 58. Kh5 Nf4+
{Game drawn by repetition} 1/2-1/2

[Event "Team 45 45 League T58"]
[Site "Internet Chess Club"]
[Date "2013.08.28"]
[Round "2"]
[White "Constrictor"]
[Black "Gorongonde"]
[Result "1/2-1/2"]
[WhiteElo "1734"]
[BlackElo "1760"]
[Opening "Réti opening"]
[ECO "A04"]
[Time "21:02:39"]
[TimeControl "2700+45"]

1. Nf3 d6 2. d4 Nf6 3. g3 Bf5 4. c4 c6 5. Nc3 Nbd7 6. Bg2 e5 7. dxe5 dxe5 8. O-O
Be7 9. Be3 Qc7 10. Qb3 Ng4 11. Bg5 f6 12. Bd2 Nc5 13. Qd1 Rd8 14. Nh4 Be6 15. b3
g5 16. Nf3 e4 17. Nxg5 Nxf2 18. Nxe6 Nxe6 19. Rxf2 e3 20. Rf3 Rxd2 21. Qf1 Qe5
22. Na4 Nd4 23. Re1 Nxf3+ 24. Qxf3 Kf7 25. c5 Rhd8 26. Bh3 Rxa2 27. Bf5 Ra1 28.
Qh5+ Kf8 29. Qh6+ Ke8 30. Qh5+ Kf8 31. Qh6+ Ke8 32. Qh5+ Kf8 33. Qh6+ {Game
drawn by repetition} 1/2-1/2

[Event "Team 45 45 League T58"]
[Site "Internet Chess Club"]
[Date "2013.08.29"]
[Round "2"]
[White "SATELLITE-DAN"]
[Black "Hal2001"]
[Result "0-1"]
[WhiteElo "1524"]
[BlackElo "1602"]
[Opening "Robatsch defense"]
[ECO "B34"]
[Time "14:04:56"]
[TimeControl "2700+45"]

1. e4 g6 2. d4 Bg7 3. Nc3 c5 4. Nf3 cxd4 5. Nxd4 Nc6 6. Be3 d6 7. Bb5 Bd7 8. O-O
Nf6 9. Be2 O-O 10. f4 a6 11. f5 b5 12. fxg6 fxg6 13. a3 Rc8 14. Rf3 Ne5 15. Rg3
Nc4 16. Bxc4+ Rxc4 17. Qd2 Ng4 18. Rd1 Nxe3 19. Qxe3 Be5 20. Rf3 Rxf3 21. gxf3
Bxd4 22. Rxd4 Qb6 23. Rd3 Qxe3+ 24. Rxe3 b4 25. axb4 Rxb4 26. b3 Bc6 27. h4 Kf7
28. Kf2 Ke6 29. f4 Rb8 30. Kf3 Rf8 31. Kg4 h6 32. Nd5 Kd7 33. Nb4 Bb7 34. f5 a5
35. Nd3 gxf5+ 36. exf5 Rf6 37. Nf4 Bc6 38. Nh5 Rf7 39. Re6 Rh7 40. Nf4 Rf7 41.
Rxh6 Be4 42. c3 Bxf5+ 43. Kg5 Bc2 44. b4 a4 45. Rh8 Be4 46. Ne2 a3 47. Nc1 Bd5
48. h5 Rf1 49. h6 Rxc1 50. h7 Rh1 51. Kg6 a2 {White resigns} 0-1

[Event "Team 45 45 League T58"]
[Site "Internet Chess Club"]
[Date "2013.08.31"]
[Round "2"]
[White "alaskauk"]
[Black "Goodfella"]
[Result "0-1"]
[WhiteElo "1438"]
[BlackElo "1562"]
[Opening "Sicilian: Sozin attack"]
[ECO "B86"]
[Time "12:00:40"]
[TimeControl "2700+45"]

1. e4 c5 2. Nf3 d6 3. Bc4 e6 4. d4 cxd4 5. Nxd4 Nf6 6. Nc3 Be7 7. O-O O-O 8. Be3
a6 9. Qf3 b5 10. Bd3 e5 11. Nf5 Bb7 12. Bh6 Ne8 13. Bxg7 Nxg7 14. Nh6+ Kh8 15.
Nxf7+ Rxf7 16. Qxf7 Qf8 17. Qb3 Nc6 18. Ne2 Nh5 19. g3 Qf3 20. Rae1 Bc8 21. Bc4
Qxb3 22. Bxb3 Bh3 23. Rd1 Bxf1 24. Kxf1 b4 25. Bd5 Rc8 26. h4 Nf6 27. Bxc6 Rxc6
28. Rc1 Nxe4 29. Ke1 Kg7 30. Ng1 Nc5 31. b3 Nd3+ 32. Kd2 Nxc1 33. Kxc1 e4 34.
Ne2 d5 35. Nd4 Rf6 {White resigns} 0-1

[Event "Team 45 45 League T58"]
[Site "Internet Chess Club"]
[Date "2013.08.30"]
[Round "2"]
[White "pcvan"]
[Black "ricnic"]
[Result "0-1"]
[WhiteElo "1522"]
[BlackElo "1522"]
[Opening "QGD: exchange, positional line"]
[ECO "D35"]
[Time "19:30:06"]
[TimeControl "2700+45"]

1. d4 d5 2. c4 Nf6 3. Nc3 e6 4. cxd5 exd5 5. Bg5 Be7 6. Qc2 c6 7. e3 Be6 8. Bd3
Nbd7 9. Nge2 Qc7 10. O-O h6 11. Bf4 Qd8 12. f3 Nh5 13. e4 Nxf4 14. Nxf4 O-O 15.
Rae1 Bg5 16. exd5 Bxd5 17. Ncxd5 cxd5 18. Nxd5 Nb6 19. Nxb6 Qxb6 20. Qc3 Bf6 21.
Qd2 Rfe8 22. Kh1 Qxd4 23. b3 Rad8 24. Rd1 Kf8 25. Qc2 Qb4 26. Be4 Rd4 27. Rxd4
Bxd4 28. Rc1 b6 29. Qc4 Qd2 30. Qc2 Qe3 31. Qd1 Bf6 32. Qd3 Qxc1+ {White
resigns} 0-1

[Event "Team 45 45 League T58"]
[Site "Internet Chess Club"]
[Date "2013.08.30"]
[Round "2"]
[White "sesquipedal"]
[Black "JDD01"]
[Result "0-1"]
[WhiteElo "1729"]
[BlackElo "1751"]
[Opening "Sicilian: closed"]
[ECO "B24"]
[Time "20:00:40"]
[TimeControl "2700+45"]

1. e4 c5 2. Nc3 Nc6 3. g3 g6 4. Bg2 Bg7 5. f4 e6 6. Nh3 Nge7 7. O-O Qb6 8. Na4
Qa5 9. c3 d6 10. a3 b5 11. b4 Qxa4 12. Qe2 cxb4 13. Bb2 bxc3 14. dxc3 Qc4 15.
Qd2 Qc5+ 16. Nf2 O-O 17. a4 bxa4 18. Rxa4 Bd7 19. e5 d5 20. Rfa1 Qb6 21. Ra6 Qb7
22. Nd3 Rfb8 23. R1a2 Bc8 24. h4 Nf5 25. g4 Nxh4 26. Bh1 Qxa6 27. Rxa6 Bxa6 28.
Nc5 Bc4 29. Nd7 Rb7 30. Nf6+ Bxf6 31. exf6 Rab8 32. Bc1 Rb1 33. f5 exf5 34. Qh6
Rxc1+ 35. Qxc1 fxg4 36. Qd2 Rb1+ 37. Kh2 g3+ 38. Kh3 Rxh1+ 39. Kg4 g2 40. Qh6
g1=Q+ 41. Kf4 Qc1+ 42. Kg4 Qxh6 43. Kg3 Qe3+ 44. Kg4 Rg1+ 45. Kxh4 Qg3# {White
checkmated} 0-1